 Dungeon Crawl Stone Soup version 0.23.0 (webtiles) character file.

Game seed: 16150187207460131254

54 inmateoo the Slasher (level 4, -14/34 HPs)
             Began as a Formicid Warper on Feb 12, 2019.
             Killed by divine providence
             ... invoked by an orc priest
              (16 damage)
             ... on level 2 of the Dungeon.
             The game lasted 00:01:58 (1974 turns).

inmateoo the Slasher (Formicid Warper)              Turns: 1974, Time: 00:01:59

Health: -14/34     AC:  4    Str: 14 (16) XL:     4   Next: 12%
Magic:  7/7        EV: 12    Int: 11 (13) God:
Gold:   36         SH:  0    Dex:  8 (10) Spells: 7/7 levels left

rFire    . . .     SeeInvis +   a - +0 falchion
rCold    . . .     Gourm    .   (no shield)
rNeg     . . .     Faith    .   b - +0 leather armour
rPois    .         Spirit   .   (helmet unavailable)
rElec    .         Reflect  .   (no cloak)
rCorr    .         Harm     .   q - +0 pair of gloves
MR       .....                  (no boots)
Stlth    +.........             l - amulet of regeneration
HPRegen  0.51/turn              (no ring)
MPRegen  0.10/turn              (no ring)

@: flying
A: permanent stasis, dig shafts and tunnels, four strong arms, antennae 3
a: Dig, Shaft Self


You were on level 2 of the Dungeon.
You were very hungry.

You visited 1 branch of the dungeon, and saw 3 of its levels.

You collected 36 gold pieces.

Inventory:

Hand Weapons
 a - a +0 falchion (weapon)
 k - a +0 short sword of draining
Missiles
 e - 5 tomahawks of dispersal (quivered)
Armour
 b - a +0 leather armour (worn)
 g - a +0 large shield
 q - a +0 pair of gloves (worn)
Jewellery
 l - an amulet of regeneration (around neck)
Scrolls
 d - a scroll of blinking
 i - 4 scrolls of remove curse {unknown}
 n - 6 scrolls of identify {unknown}
 o - 3 scrolls of fog {unknown}
Potions
 c - a potion of magic {unknown}
 h - a potion of heal wounds {unknown}
 j - a potion of lignification {unknown}
 m - a potion of degeneration
Comestibles
 f - 9 rations


   Skills:
 + Level 2.7 Fighting
 * Level 2.9 Long Blades
 - Level 1.0 Throwing
 + Level 1.9 Armour
 + Level 2.2 Dodging
 + Level 0.5 Shields
 - Level 2.1 Spellcasting
   Level 2.6 Translocations


You had 7 spell levels left.
You didn't know any spells.
Your spell library contained the following spells:

 Spells                   Type           Power        Failure   Level  Hunger
 Shroud of Golubria       Chrm/Tloc      #.........   30%         2    ###....
 Gell's Gravitas          Tloc           #.........   34%         3    ####...
 Lesser Beckoning         Tloc           #.........   34%         3    ####...
 Teleport Other           Tloc           #.......     34%         3    ####...
 Passage of Golubria      Tloc           N/A          75%         4    #####..
 Blink                    Tloc           Unusable     N/A         2    N/A

Dungeon Overview and Level Annotations

Branches:
Dungeon (3/15)

Altars:
Kikubaaqudgha
Ru

Annotations:
D:3 Sigmund


Innate Abilities, Weirdness & Mutations

You cannot be hasted, slowed, berserked, paralysed or teleported.
You can dig through walls and to a lower floor.
Your four strong arms can wield two-handed weapons with a shield.
You have a pair of large antennae on your head. (SInv)


Message History

The orc priest hits you with a +0 short sword.
* * * LOW HITPOINT WARNING * * *
Unknown command.
It was a potion of degeneration.
There was something very wrong with that liquid.
You feel weakened.
You feel dopey.
You feel clumsy. The orc hits you with a cursed -1 club.
* * * LOW HITPOINT WARNING * * *
The orc priest closely misses you.
It was a potion of haste.
Your stasis prevents you from being hasted.
The orc completely misses you.
You riposte.
You hit the orc.
The orc is lightly wounded.
The orc priest completely misses you.
It was a potion of flight.
You feel very buoyant.
You fly up into the air.
The orc hits you but does no damage.
The orc priest calls down the wrath of Beogh upon you.
Beogh smites you!
You die...

###.#.#.#.#.#.......#......##
#...#...#...#.####..#...#..>#
#^########....####..#.###...#
..# #.....#.....#...'...#
..#######.....#.###.#.###...#
#.##...##.#####.# #.### #...#
#.##....#.##....# #...# #####
#.##....#.##.######.#.#######
#...).........oo@oo.#.......#
#########...#######.#######.#
#.............[..........#.###
#.####.####..##########......##
#.##.....##..# #.......#
##.#.......#..# #<......#
...#.......#..# ##'#....#
......._......# #.#....#
...#.......#..# #......#


You could see an orc priest and 3 orcs.

Vanquished Creatures
  An adder (D:2)
  A worm (D:2)
  3 dart slugs (D:1)
  A leopard gecko (D:1)
  An orc (D:3)
  3 giant cockroaches
  6 goblins
  5 hobgoblins
  5 kobolds
  3 bats
  A frilled lizard (D:2)
  2 rats
32 creatures vanquished.

Notes
Turn   | Place    | Note
-------+----------+-------------------------------------------
     0 | D:1      | inmateoo the Formicid Warper began the quest for the Orb.
     0 | D:1      | Reached XP level 1. HP: 16/16 MP: 3/3
   308 | D:1      | Reached XP level 2. HP: 18/23 MP: 5/5
   451 | D:1      | Reached XP level 3. HP: 6/28 MP: 6/6
  1539 | D:2      | Found an ancient bone altar of Kikubaaqudgha.
  1681 | D:2      | Reached XP level 4. HP: 34/34 MP: 7/7
  1871 | D:2      | Found a sacrificial altar of Ru.
  1920 | D:3      | Noticed Sigmund
  1972 | D:2      | HP: 1/34 [orc/cursed -1 club (1)]
  1974 | D:2      | Killed from afar by an orc priest

Skill      XL: |  1  2 |
---------------+-------+-----
Dodging        | 2 |  2.2
Fighting       | |  2.7
Long Blades    | |  2.9
Throwing       | |  1.0
Armour         | |  1.9
Shields        | |  0.5
Spellcasting   | |  2.1
Translocations | |  2.6

Action                   |  1- 3 |  4- 6 || total
-------------------------+-------+-------++-------
Melee: Falchion          |    95 |    21 ||   116
  Use: Potion            |       |     3 ||     3
  Eat: Chunk             |     2 |       ||     2
Armor: Leather armour    |    24 |     7 ||    31
Dodge: Dodged            |    49 |    22 ||    71
Block: Large shield      |    21 |       ||    21
       Rpst.: Falchion   |    16 |     8 ||    24
